Map: 카이로스 정션 - 래더

Players

Losira

  • Race: Zerg Zerg
  • League: Master
  • Spawn Location: 11:00

Zest - Winner!

  • Race: Protoss Protoss
  • League: Master
  • Spawn Location: 5:00

Event: IEM Season 13 - Katowice Server Qualifiers Asia 2

VOD

Have the link to the VOD?

Description

Time

  • Played on: Jan. 22, 2019, 5:10 a.m.
  • Length: 8:09

All games in this series

Show
View Real Time Build Order
Export as new Build Order

Losira Zerg 

Build Orders: Hatch First 

Get SALT Encoding   

  12  0:01  Drone  
  13  0:12  Overlord  
  13  0:16  Drone  
  14  0:31  Drone x2  
  16  0:49  Hatchery  
  15  0:52  Drone  
  15  0:55  Drone  
  17  0:58  Drone  
  18  1:09  Extractor  
  17  1:14  Spawning Pool  
  17  1:18  Drone  
  17  1:23  Drone  
  18  1:28  Drone  
  19  1:39  Drone  
  20  1:50  Hatchery  
  20  1:52  Drone  
  20  2:00  Drone  
  22  2:01  Drone  
  22  2:08  Queen  
  22  2:12  Drone  
  25  2:18  Overlord  
  25  2:22  Drone  
  26  2:25  Drone  
  27  2:32  Zergling x2  
  27  2:35  Queen  
  27  2:36  Zergling x2  
  31  2:43  Zergling x2  
  32  2:47  Spore Crawler  
  32  2:49  Spore Crawler  
  32  2:50  Zergling x2  
  30  2:55  Drone  
  30  2:57  Drone  
  33  3:02  Zergling x2  
  33  3:03  Queen  
  36  3:06  Overlord  
  36  3:07  Drone  
  36  3:11  Queen  
  39  3:17  Drone  
  39  3:18  Drone  
  41  3:22  Overlord  
  41  3:27  Drone  
  42  3:28  Drone  
  42  3:29  Drone  
  44  3:36  Drone  
  44  3:37  Spore Crawler  
  44  3:38  Drone  
  44  3:39  Spore Crawler  
  44  3:40  Drone  
  45  3:41  Spore Crawler  
  45  3:45  Drone x2  
  46  3:49  Drone  
  46  3:51  Drone  
  48  3:56  Drone  
  48  3:57  Roach Warren  
  48  3:58  Drone  
  48  4:00  Drone  
  50  4:03  Overlord  
  50  4:07  Extractor  
  50  4:08  Drone x2  
  48  4:10  Drone  
  48  4:11  Drone  
  48  4:15  Metabolic Boost  
  49  4:19  Overlord  
  49  4:38  Roach x8  
  62  4:47  Drone x2  
  62  4:48  Drone  
  61  4:57  Drone  
  56  5:03  Drone x4  
  60  5:07  Drone x2  
  60  5:10  Drone  
  60  5:12  Drone  
  60  5:13  Drone  
  65  5:14  Drone  
  65  5:18  Overlord  
  66  5:22  Overlord  
  66  5:28  Lair  
  66  5:31  Evolution Chamber  
  66  5:32  Drone  
  66  5:35  Overlord  
  66  5:37  Drone  
  66  5:40  Drone  
  64  5:43  Drone x3  
  64  5:46  Drone  
  64  5:47  Drone  
  64  5:49  Drone x2  
  67  5:53  Drone x3  
  67  5:55  Drone  
  71  5:58  Extractor, Drone  
  71  6:00  Zerg Missile Weapons Level 1  
  71  6:03  Roach  
  71  6:04  Roach  
  71  6:08  Roach  
  71  6:10  Roach x2  
  79  6:12  Drone  
  79  6:16  Extractor  
  77  6:18  Roach  
  77  6:19  Roach x2  
  77  6:21  Roach x2  
  87  6:27  Roach  
  85  6:34  Drone x3  
  85  6:36  Drone x2  
  85  6:38  Overlord x2  
  90  6:40  Extractor, Drone  
  90  6:41  Glial Reconstitution  
  90  6:42  Overlord  
  90  6:45  Overlord, Extractor  
  89  6:52  Overlord  
  89  6:53  Drone  
  90  6:54  Overlord  
  90  6:57  Drone  
  90  6:58  Drone x4  
  90  6:59  Drone  
  96  7:05  Roach x2  
  100  7:09  Overlord  
  100  7:10  Drone  
  100  7:11  Drone  
  100  7:13  Roach  
  103  7:16  Ravager  
  103  7:18  Roach  
  103  7:19  Roach  
  103  7:22  Roach, Infestation Pit  
  109  7:26  Drone  
  109  7:27  Baneling Nest  
  109  7:28  Drone x2  
  108  7:30  Drone  
  108  7:31  Drone  
  108  7:34  Hatchery  
  108  7:43  Overlord  
  108  7:49  Ravager x3  
  108  7:50  Ravager  
  112  7:53  Evolution Chamber x2  
  112  7:54  Ravager x2, Evolution Chamber  
  112  7:56  Ravager  
Show
View Real Time Build Order
Export as new Build Order

Zest Protoss - Winner!

Build Orders: 1 Gate Expand, Oracle Opening, Archon Immortal 

Get SALT Encoding   

  12  0:00  Probe  
  13  0:12  Probe  
  14  0:17  Pylon  
  14  0:24  Probe  
  15  0:32  Probe  
  15  0:38  Gateway  
  15  0:40  Probe  
  16  0:47  Assimilator  
  17  0:51  Probe  
  18  1:03  Probe  
  19  1:15  Probe  
  20  1:25  Cybernetics Core  
  20  1:33  Nexus  
  20  1:36  Probe  
  21  1:42  Pylon  
  21  1:50  Probe  
  21  1:51  Assimilator  
  21  1:52  Adept  
  24  2:02  Probe  
  25  2:10  Adept  
  25  2:14  Probe  
  28  2:26  Probe  
  28  2:28  Stargate  
  29  2:35  Stalker  
  31  2:45  Probe  
  31  2:50  Probe  
  33  2:52  Warp Gate  
  33  2:57  Probe  
  34  3:02  Probe  
  34  3:03  Oracle  
  35  3:09  Probe  
  35  3:10  Probe  
  36  3:18  Probe  
  40  3:20  Pylon  
  40  3:21  Probe  
  40  3:23  Assimilator  
  40  3:25  Assimilator  
  42  3:28  Probe  
  42  3:30  Gateway  
  42  3:31  Oracle  
  42  3:33  Probe  
  44  3:41  Probe  
  48  3:45  Probe  
  48  3:46  Pylon  
  49  3:53  Probe  
  50  3:57  Probe  
  50  4:00  Robotics Facility  
  51  4:13  Probe x2  
  53  4:18  Twilight Council  
  53  4:25  Probe x2  
  53  4:26  Gateway  
  53  4:27  Gateway  
  53  4:28  Pylon  
  55  4:37  Probe x2  
  55  4:46  Warp Prism  
  55  5:00  Templar Archives, Zealot x2  
  59  5:08  Probe  
  59  5:10  Nexus  
  59  5:11  Pylon  
  59  5:12  Immortal  
  64  5:32  Stalker x3  
  70  5:42  Immortal, Stalker  
  72  5:54  Probe, Forge  
  72  5:55  Pylon  
  52  6:04  Charge  
  77  6:06  Gateway  
  77  6:07  Gateway  
  77  6:08  Protoss Ground Weapons Level 1  
  77  6:11  Immortal  
  77  6:19  Sentry x3  
  77  6:20  Sentry  
  89  6:36  Probe x3  
  89  6:39  Gateway  
  92  6:40  Gateway  
  92  6:42  Immortal  
  92  6:49  High Templar x2  
  92  6:52  Pylon  
  100  6:56  Archon, Pylon  
  100  6:58  Probe, Pylon  
  101  7:05  Pylon  
  101  7:07  Pylon  
  101  7:10  Probe  
  102  7:21  Probe x2, High Templar x2  
  102  7:22  Probe, Zealot  
  115  7:24  Observer  
  115  7:28  Archon  
  115  7:31  Zealot  
  115  7:32  Zealot x2  
  115  7:35  Photon Cannon  
  115  7:36  Shield Battery  
  118  7:50  Probe x3  
  121  7:51  Zealot  
  121  7:52  Zealot x5  
  121  7:54  Zealot x2  

Tags
 
Add a new tag
Caveats
  • Supply blocks, unpowered buildings, or Contaminate may cause inaccurate times.
  • Supply counts are checked every 10 seconds.